 Dungeon Crawl Stone Soup version 0.21.0 (webtiles) character file.

3732 Gaball the Quickloader (level 9, -3/124 HPs)
             Began as a Centaur Hunter on Jan 7, 2018.
             Was an Initiate of Gozag.
             Slain by an orc warrior
             ... wielding a +0 glaive
              (17 damage)
             ... on level 7 of the Dungeon.
             The game lasted 00:24:31 (8776 turns).

Gaball the Quickloader (Centaur Hunter)             Turns: 8776, Time: 00:24:31

Health: -3/124     AC:  6    Str: 20      XL:     9   Next: 92%
Magic:  9/9        EV:  9    Int: 15      God:    Gozag
Gold:   397        SH:  0    Dex:  9 (13) Spells: 8/8 levels left

rFire    . . .     SeeInvis .   k - +2 dagger (venom)
rCold    . . .     Gourm    .   (no shield)
rNeg     . . .     Faith    .   p - +0 ring mail
rPois    .         Spirit   .   (no helmet)
rElec    .         Reflect  .   (no cloak)
rCorr    .         Harm     .   s - +0 pair of gloves
MR       .....                  (no barding)
Stlth    ..........             (no amulet)
HPRegen  0.30/turn              (no ring)
MPRegen  0.11/turn              (no ring)

@: mighty, brilliant, berserking, gold aura, very quick
A: large, hooves 3, deformed body, speed 2, tough skin 3
a: Potion Petition, Call Merchant, Bribe Branch, Renounce Religion


You were on level 7 of the Dungeon.
You worshipped Gozag.
Gozag was aware of your devotion.
You were not hungry.

You visited 2 branches of the dungeon, and saw 8 of its levels.

You collected 697 gold pieces.
You spent 120 gold pieces at shops.
You paid 180 gold pieces to Gozag.

Inventory:

Hand Weapons
 a - a +1 hand crossbow
 b - a +0 short sword
 k - a +2 dagger of venom (weapon)
 n - a +2 rapier of protection
Missiles
 d - 7 bolts
Armour
 c - a +0 leather armour
 p - a +0 ring mail (worn)
 s - a +0 pair of gloves (worn)
Jewellery
 t - an uncursed amulet of the gourmand {unknown}
 D - the ring of Ucuzxara {*Drain rF+ EV+2 Str+5 SInv, unknown}
   (You bought it in a shop on level 7 of the Dungeon)

   [ring of evasion]

   It affects your evasion (+2).
   It affects your strength (+5).
   It protects you from fire.
   It lets you see invisible.
   It causes draining when unequipped.
Wands
 y - a wand of flame (11)
 A - a wand of polymorph (11)
Scrolls
 e - 3 scrolls of blinking {unknown}
 g - 5 scrolls of remove curse
 h - 5 scrolls of identify {unknown}
 j - 2 scrolls of amnesia {unknown}
 q - 2 scrolls of enchant weapon {unknown}
 u - 2 scrolls of teleportation {unknown}
 B - a scroll of fear {unknown}
 C - a scroll of immolation {unknown}
Potions
 i - a potion of brilliance
 l - a potion of resistance {unknown}
 m - 2 potions of might
 o - a potion of berserk rage
 r - 2 potions of degeneration {unknown}
 v - a potion of cancellation {unknown}
 w - a potion of mutation {unknown}
 x - a potion of flight {unknown}
 z - a potion of ambrosia {unknown}
Comestibles
 f - 10 rations


   Skills:
 + Level 9.0 Fighting
 + Level 12.7 Crossbows
 - Level 1.5 Dodging
 - Level 0.4 Stealth


You had 8 spell levels left.
You didn't know any spells.

Dungeon Overview and Level Annotations

Branches:
Dungeon (7/15)             Temple (1/1) D:7

Altars:
Ashenzari
Cheibriados
Fedhas
Gozag
Kikubaaqudgha
Makhleb
Nemelex Xobeh
Okawaru
Qazlal
Ru
Sif Muna
Vehumet
Wu Jian
Xom
Yredelemnul
Zin
The Shining One

Shops:
D:7 *%

Annotations:
D:7 exclusion: door


Innate Abilities, Weirdness & Mutations

You have hooves in place of feet.
Armour fits poorly on your strangely shaped body.
You cover ground very quickly.
You have extremely tough skin. (AC +3)


Message History

You barely miss the gnoll. Your kick misses the gnoll.
The gnoll hits you with a club.
* * * LOW HITPOINT WARNING * * *
You puncture the gnoll!
The gnoll is poisoned.
You kick the gnoll.
You kill the gnoll!
The centaur unwields an uncursed shortbow.
The centaur hits you.
* * * LOW HITPOINT WARNING * * *
You completely miss the centaur. You kick the centaur!!
The centaur is almost dead.
The orc warrior hits you from afar with a glaive!
* * * LOW HITPOINT WARNING * * *
You puncture the centaur!
You kill the centaur!
Your Fighting skill increases to level 9!
You puncture the big kobold!
The big kobold is poisoned.
The big kobold is heavily wounded.
The orc warrior hits you from afar with a glaive!
You die...
Your body crumbles into a pile of gold.

###########. #. #. #. $
.♣♣♣♣#o ####. ....P♣c#
##.##. ≈≈
####....P♣♣##...#.
.≈≈≈.#(.#KPP.♣.♣#..#...
≈....#@.#....P♣ #..##..
≈....##K#...♣####.####.
#≈≈≈≈......og.♣.##.....#
#.
#≈≈≈≈......O(..♣#...#.##
#.
#≈≈≈≈.####.g.(.##..####
#. #≈≈≈..#..#....♣#..##
#. #≈≈...#..'.(.###..#
#. #≈≈≈/.####...#>..##
#. #≈≈≈≈........#..## #.


You could see an orc warrior, a big kobold, an ogre and 2 gnolls.

Vanquished Creatures
  Pikel (D:7)
  Prince Ribbit (D:5)
  Sigmund (D:2)
  Eustachio (D:6)
  Menkaure (D:4)
  Edmund (D:5)
  A slave (D:7)
  A sky beast (D:7)
  3 orc warriors
  2 ogres
  4 centaurs
  4 bullfrogs
  Blork the orc (D:4)
  2 scorpions
  A water moccasin skeleton (D:6)
  3 wights (D:7)
  2 howler monkeys (D:7)
  2 crimson imps
  A quasit (D:7)
  A jelly (D:5)
  3 hounds
  4 orc priests
  9 orc wizards
  Terence (D:2)
  An iguana (D:7)
  2 worker ants
  3 hound zombies (D:5)
  A hound skeleton (D:5)
  10 adders
  4 gnolls
  4 shadow imps
  3 oozes
  3 adder skeletons
  6 worms
  3 dart slugs (D:1)
  3 leopard geckos
  18 orcs
  3 giant cockroaches
  8 goblins
  18 hobgoblins
  3 quokkas
  4 ball pythons
  11 bats
  4 frilled lizards
  10 kobolds
  A leopard gecko zombie (D:7)
  11 rats
185 creatures vanquished.

Vanquished Creatures (others)
  A slave (D:7)
  A hound (D:7)
  A hound skeleton (D:7)
  An orc (D:7)
  2 fungi (D:7)
6 creatures vanquished.

Grand Total: 191 creatures vanquished

Notes
Turn   | Place    | Note
-------+----------+-------------------------------------------
     0 | D:1      | Gaball the Centaur Hunter began the quest for the Orb.
     0 | D:1      | Reached XP level 1. HP: 17/17 MP: 1/1
   449 | D:1      | Reached XP level 2. HP: 19/24 MP: 2/2
   594 | D:1      | Reached skill level 5 in Crossbows
   677 | D:1      | Reached XP level 3. HP: 29/29 MP: 3/3
  1547 | D:2      | Reached skill level 6 in Crossbows
  1647 | D:2      | Noticed Sigmund
  1669 | D:2      | Killed Sigmund
  1669 | D:2      | Reached skill level 7 in Crossbows
  1669 | D:2      | Reached XP level 4. HP: 36/36 MP: 4/4
  1669 | D:2      | Reached XP level 5. HP: 41/41 MP: 5/5
  1959 | D:2      | Noticed Terence
  1976 | D:2      | Killed Terence
  2047 | D:2      | Reached XP level 6. HP: 37/48 MP: 6/6
  2141 | D:2      | Found a radiant altar of Vehumet.
  2275 | D:2      | Reached skill level 8 in Crossbows
  2915 | D:3      | Found a basalt altar of Yredelemnul.
  3268 | D:3      | Reached skill level 9 in Crossbows
  3432 | D:3      | Found a faded altar of an unknown god.
  3460 | D:3      | Found an iron altar of Okawaru.
  3593 | D:4      | Found a stormy altar of Qazlal.
  3615 | D:4      | Found a blossoming altar of Fedhas.
  3693 | D:4      | Reached XP level 7. HP: 55/55 MP: 7/7
  3917 | D:4      | Noticed Menkaure
  3922 | D:4      | Killed Menkaure
  4112 | D:4      | Noticed Blork the orc
  4113 | D:4      | Found a glowing golden altar of the Shining One.
  4127 | D:4      | Killed Blork the orc
  4348 | D:5      | Entered Level 5 of the Dungeon
  4348 | D:5      | Noticed Prince Ribbit
  4863 | D:5      | Noticed Edmund
  4907 | D:5      | Killed Edmund
  4907 | D:5      | Reached skill level 10 in Crossbows
  4907 | D:5      | Reached XP level 8. HP: 60/67 MP: 8/8
  5145 | D:5      | Killed Prince Ribbit
  5145 | D:5      | Reached skill level 5 in Fighting
  6303 | D:6      | Reached skill level 11 in Crossbows
  6493 | D:6      | Noticed Eustachio
  6500 | D:6      | Killed Eustachio
  6500 | D:6      | Reached XP level 9. HP: 61/78 MP: 9/9
  7240 | D:7      | Found a staircase to the Ecumenical Temple.
  7317 | Temple   | Entered the Ecumenical Temple
  7387 | Temple   | Became a worshipper of Gozag Ym Sagoz the Greedy
  7562 | D:7      | Found Syhacada's Food Boutique.
  7808 | D:7      | Noticed Pikel
  7815 | D:7      | Killed Pikel
  7815 | D:7      | Reached skill level 12 in Crossbows
  7961 | D:7      | Found a deep blue altar of Sif Muna.
  7985 | D:7      | Found Obreobb's Assorted Antiques.
  8010 | D:7      | Bought a flickering steel ring for 120 gold pieces
  8776 | D:7      | Slain by an orc warrior

Skill      XL: |  1  2  3  4  5  6  7  8  9 |
---------------+----------------------------+-----
Crossbows      | 5 7 9 10 11 12 | 12.7
Fighting       | 4 6 9 |  9.0
Dodging        | |  1.5
Stealth        | |  0.4

Action                   |  1- 3 |  4- 6 |  7- 9 || total
-------------------------+-------+-------+-------++-------
Melee: Short sword       |    45 |       |       ||    45
       Kick              |    16 |    37 |    73 ||   126
       Dagger            |    30 |    41 |   149 ||   220
       Rapier            |       |   141 |   146 ||   287
 Fire: Hand crossbow     |    27 |    28 |   133 ||   188
Evoke: Wand              |       |       |    21 ||    21
  Use: Potion            |       |       |     3 ||     3
       Scroll            |       |       |     1 ||     1
  Eat: Chunk             |     2 |     5 |     7 ||    14
       Ration            |       |       |     2 ||     2
Armor: Leather armour    |    36 |     4 |       ||    40
       Ring mail         |       |   100 |   170 ||   270
Dodge: Dodged            |    48 |    75 |   134 ||   257
